[ AOE2 MATCH · #478564131 ]
1v1 RMByzantines vs Sicilians
Player's team · LOSS
Rival team · WIN
[ REPLAY ANALYSIS · EXTRACTED FROM THE RECORDED GAME ]
Feudal
11:04
Castle
15:21
Imperial
36:30
| APM avg | 23.6 |
| APM peak | 89 |
| eAPM avg | 17.1 |
| Villagers / military | 269 / 701 |
Focus
⚔️ 41.1% · 🌾 58.9%
Spearman ×350 · Archer ×215 · Scout Cavalry ×49 · Skirmisher ×46 · Cataphract ×23 · Trebuchet (Packed) ×6
Feudal
11:43
Castle
16:39
Imperial
32:33
| APM avg | 41.7 |
| APM peak | 74 |
| eAPM avg | 25.6 |
| Villagers / military | 183 / 615 |
Focus
⚔️ 28.0% · 🌾 72.0%
Serjeant ×258 · Skirmisher ×247 · Spearman ×80 · Battering Ram ×22 · Trebuchet (Packed) ×5 · Monk ×3
Match map
Initial resources + every placement click. Lines = walls · curves = elevation contours. ◆ gold · ⬟ stone · ● berries · ✦ relic · ◌ wall gap
Your base· ✓ Closed at 15:21 · 0t walls · 2 gate(s)
流弊老师's base· ✓ Closed at 16:39 · 0t walls · 2 gate(s)
Smoothed initial terrain · ◌ = detected wall gap · hover for details
Inputs per minute
— OdinRunner54 - - 流弊老师
Build order — OdinRunner54
First 150 of 500 actions detected
| 0:00 | Create | Villager (Male) |
| 0:01 | Create | Villager (Male) |
| 0:01 | Create | Villager (Male) |
| 0:01 | Create | Villager (Male) |
| 0:02 | Build | House |
| 0:04 | Build | House |
| 1:31 | Create | Villager (Male) |
| 2:02 | Create | Villager (Male) |
| 2:21 | Build | Lumber Camp |
| 2:56 | Create | Villager (Male) |
| 2:56 | Create | Villager (Male) |
| 3:17 | Create | Villager (Male) |
| 3:50 | Create | Villager (Male) |
| 3:56 | Build | House |
| 3:57 | Build | House |
| 4:19 | Create | Villager (Male) |
| 4:19 | Create | Villager (Male) |
| 4:20 | Create | Villager (Male) |
| 5:01 | Create | Villager (Male) |
| 5:02 | Create | Villager (Male) |
| 6:03 | Create | Villager (Male) |
| 6:04 | Create | Villager (Male) |
| 6:04 | Create | Villager (Male) |
| 6:33 | Build | Mill |
| 7:18 | Create | Villager (Male) |
| 7:19 | Create | Villager (Male) |
| 7:20 | Create | Villager (Male) |
| 7:38 | Build | Mining Camp |
| 7:45 | Build | House |
| 7:47 | Build | House |
| 8:39 | Research | Feudal Age |
| 10:37 | Create | Villager (Male) |
| 10:37 | Create | Villager (Male) |
| 11:04 | Age | Feudal Age |
| 11:09 | Build | Blacksmith |
| 11:16 | Build | Market |
| 11:59 | Create | Villager (Male) |
| 12:03 | Build | Farm |
| 12:03 | Build | Farm |
| 12:04 | Build | Farm |
| 12:04 | Build | Farm |
| 12:05 | Build | Farm |
| 12:05 | Build | Farm |
| 12:41 | Research | Castle Age |
| 13:12 | Build | House |
| 13:13 | Build | House |
| 13:15 | Build | House |
| 13:39 | Create | Villager (Male) |
| 13:53 | Research | Double-Bit Axe |
| 13:57 | Research | Horse Collar |
| 15:21 | Age | Castle Age |
| 15:24 | Build | Town Center |
| 15:36 | Build | Farm |
| 15:38 | Build | Farm |
| 15:39 | Build | Farm |
| 16:13 | Create | Villager (Male) |
| 16:13 | Create | Villager (Male) |
| 16:14 | Create | Villager (Male) |
| 16:14 | Create | Villager (Male) |
| 16:14 | Create | Villager (Male) |
| 16:14 | Create | Villager (Male) |
| 16:15 | Create | Villager (Male) |
| 16:15 | Create | Villager (Male) |
| 16:15 | Create | Villager (Male) |
| 16:45 | Build | Farm |
| 16:45 | Build | Farm |
| 16:45 | Build | Farm |
| 16:45 | Build | Farm |
| 17:12 | Create | Villager (Male) ×3 |
| 17:51 | Build | Town Center |
| 18:25 | Create | Villager (Male) ×5 |
| 18:31 | Build | Farm |
| 18:35 | Build | Farm |
| 18:41 | Build | Farm |
| 18:47 | Create | Villager (Male) ×2 |
| 18:49 | Create | Villager (Male) |
| 18:51 | Create | Villager (Male) |
| 18:58 | Build | Monastery |
| 19:02 | Build | House |
| 19:12 | Build | House |
| 19:23 | Create | Villager (Male) ×3 |
| 19:40 | Build | Barracks |
| 19:47 | Create | Villager (Male) ×2 |
| 19:49 | Create | Villager (Male) |
| 19:58 | Create | Monk |
| 19:59 | Create | Monk |
| 20:18 | Create | Villager (Male) ×3 |
| 20:23 | Build | Farm |
| 20:27 | Build | Farm |
| 20:30 | Build | Farm |
| 20:34 | Build | Farm |
| 20:41 | Build | Farm |
| 20:49 | Build | Farm |
| 20:52 | Build | Farm |
| 20:58 | Create | Villager (Male) ×4 |
| 21:09 | Create | Villager (Male) |
| 21:21 | Create | Villager (Male) ×2 |
| 21:27 | Build | Farm |
| 21:34 | Create | Villager (Male) ×2 |
| 22:05 | Create | Villager (Male) ×4 |
| 22:08 | Create | Spearman ×3 |
| 22:16 | Create | Villager (Male) |
| 22:37 | Build | House |
| 22:37 | Build | House |
| 22:38 | Build | House |
| 22:38 | Build | House |
| 22:38 | Build | House |
| 22:39 | Build | House |
| 22:39 | Build | House |
| 22:40 | Build | House |
| 22:40 | Build | House |
| 22:44 | Build | House |
| 22:47 | Research | Gold Mining |
| 23:09 | Build | Castle |
| 23:30 | Create | Monk |
| 23:54 | Research | Pikeman (upgrade) |
| 23:57 | Research | Squires |
| 23:57 | Research | Arson |
| 24:21 | Create | Villager (Male) ×5 |
| 24:22 | Create | Villager (Male) ×5 |
| 24:28 | Build | House |
| 24:28 | Build | House |
| 24:28 | Build | House |
| 24:29 | Build | House |
| 24:30 | Build | House |
| 24:30 | Build | House |
| 24:31 | Build | House |
| 24:31 | Build | House |
| 24:31 | Build | House |
| 24:31 | Build | House |
| 24:33 | Build | House |
| 24:37 | Create | Villager (Male) ×2 |
| 24:37 | Research | Loom |
| 24:53 | Create | Spearman ×5 |
| 24:56 | Create | Villager (Male) |
| 24:57 | Create | Villager (Male) |
| 25:04 | Build | Mining Camp |
| 25:11 | Create | Villager (Male) |
| 25:40 | Research | Fletching |
| 25:42 | Research | Forging |
| 25:48 | Create | Villager (Male) |
| 25:54 | Build | Archery Range |
| 25:54 | Build | Archery Range |
| 25:55 | Build | Archery Range |
| 25:55 | Build | Archery Range |
| 25:56 | Build | Archery Range |
| 26:06 | Build | Siege Workshop |
| 26:08 | Build | Siege Workshop |
| 26:11 | Build | Barracks |
| 26:12 | Build | Barracks |
Build order — 流弊老师
First 150 of 604 actions detected
| 0:05 | Build | House |
| 0:07 | Build | House |
| 0:08 | Create | Villager (Male) |
| 0:09 | Create | Villager (Male) |
| 0:09 | Create | Villager (Male) |
| 1:07 | Create | Villager (Male) |
| 1:07 | Create | Villager (Male) |
| 1:47 | Build | House |
| 1:48 | Build | House |
| 2:10 | Create | Villager (Male) |
| 2:10 | Create | Villager (Male) |
| 2:11 | Create | Villager (Male) |
| 2:30 | Create | Villager (Male) |
| 2:30 | Create | Villager (Male) |
| 3:18 | Create | Villager (Male) |
| 3:18 | Create | Villager (Male) |
| 4:33 | Create | Villager (Male) |
| 4:33 | Create | Villager (Male) |
| 4:34 | Create | Villager (Male) |
| 4:34 | Create | Villager (Male) |
| 5:09 | Create | Villager (Male) |
| 5:10 | Create | Villager (Male) |
| 5:10 | Create | Villager (Male) |
| 5:32 | Create | Villager (Male) |
| 5:32 | Create | Villager (Male) |
| 6:25 | Create | Villager (Male) |
| 6:25 | Create | Villager (Male) |
| 6:25 | Create | Villager (Male) |
| 6:26 | Create | Villager (Male) |
| 6:41 | Create | Villager (Male) |
| 6:41 | Create | Villager (Male) |
| 6:51 | Build | Lumber Camp |
| 7:53 | Build | Mill |
| 8:30 | Create | Villager (Male) |
| 9:12 | Research | Feudal Age |
| 9:12 | Research | Feudal Age |
| 9:32 | Build | Lumber Camp |
| 9:38 | Create | Villager (Male) |
| 9:38 | Create | Villager (Male) |
| 10:24 | Create | Villager (Male) |
| 10:25 | Create | Villager (Male) |
| 10:59 | Build | Farm |
| 10:59 | Build | Farm |
| 11:43 | Age | Feudal Age |
| 11:44 | Build | House |
| 11:49 | Research | Loom |
| 11:49 | Research | Loom |
| 11:51 | Create | Villager (Male) |
| 11:56 | Build | House |
| 11:57 | Build | House |
| 11:58 | Build | House |
| 12:22 | Build | Market |
| 12:25 | Build | Blacksmith |
| 12:36 | Create | Villager (Male) |
| 12:37 | Create | Villager (Male) |
| 13:20 | Create | Villager (Male) |
| 13:59 | Research | Castle Age |
| 13:59 | Research | Castle Age |
| 14:09 | Build | Mining Camp |
| 14:18 | Research | Horse Collar |
| 14:18 | Research | Horse Collar |
| 14:23 | Research | Double-Bit Axe |
| 14:23 | Research | Double-Bit Axe |
| 14:56 | Build | Farm |
| 14:56 | Build | Farm |
| 14:56 | Build | Farm |
| 14:56 | Build | Farm |
| 14:57 | Build | Farm |
| 14:57 | Build | Farm |
| 14:57 | Build | Farm |
| 15:05 | Research | Stone Mining |
| 15:05 | Research | Stone Mining |
| 15:56 | Create | Villager (Male) |
| 15:56 | Create | Villager (Male) |
| 16:39 | Age | Castle Age |
| 16:48 | Create | Villager (Male) |
| 16:58 | Build | Town Center |
| 17:03 | Create | Villager (Male) |
| 17:03 | Create | Villager (Male) |
| 17:25 | Research | Bow Saw |
| 17:25 | Research | Bow Saw |
| 17:41 | Create | Villager (Male) |
| 17:41 | Create | Villager (Male) |
| 17:53 | Build | Farm |
| 17:55 | Build | Farm |
| 17:56 | Build | Farm |
| 18:01 | Build | Farm |
| 18:02 | Build | Farm |
| 18:13 | Create | Villager (Male) |
| 18:13 | Create | Villager (Male) |
| 18:14 | Create | Villager (Male) |
| 18:14 | Create | Villager (Male) |
| 18:14 | Create | Villager (Male) |
| 18:20 | Build | Farm |
| 18:22 | Build | Farm |
| 18:34 | Build | Farm |
| 18:48 | Build | Castle |
| 18:53 | Create | Villager (Male) |
| 18:53 | Create | Villager (Male) |
| 18:56 | Create | Villager (Male) |
| 19:03 | Build | Farm |
| 19:05 | Build | Farm |
| 19:06 | Build | Farm |
| 19:17 | Create | Villager (Male) |
| 19:17 | Create | Villager (Male) |
| 19:35 | Create | Villager (Male) |
| 19:36 | Create | Villager (Male) |
| 19:36 | Create | Villager (Male) |
| 19:38 | Build | Farm |
| 19:40 | Build | Farm |
| 19:41 | Create | Villager (Male) |
| 19:42 | Create | Villager (Male) |
| 20:11 | Research | Town Watch |
| 20:19 | Research | Heavy Plow |
| 20:19 | Research | Heavy Plow |
| 20:23 | Research | Town Watch |
| 20:23 | Research | Town Watch |
| 20:23 | Create | Villager (Male) |
| 20:34 | Build | House |
| 20:35 | Build | House |
| 20:36 | Build | House |
| 20:41 | Create | Villager (Male) |
| 20:41 | Create | Villager (Male) |
| 20:42 | Create | Villager (Male) |
| 20:42 | Create | Villager (Male) |
| 20:59 | Build | Town Center |
| 21:11 | Build | Outpost |
| 21:14 | Build | Outpost |
| 21:17 | Build | Outpost |
| 21:22 | Create | Villager (Male) |
| 21:23 | Create | Villager (Male) |
| 21:23 | Create | Villager (Male) |
| 21:24 | Create | Villager (Male) |
| 21:24 | Create | Villager (Male) |
| 21:36 | Build | Town Center |
| 21:40 | Create | Villager (Male) |
| 21:41 | Create | Villager (Male) |
| 21:48 | Create | Villager (Male) |
| 21:49 | Create | Villager (Male) |
| 22:00 | Build | Outpost |
| 22:02 | Build | Outpost |
| 22:11 | Build | House |
| 22:12 | Build | House |
| 22:13 | Build | House |
| 22:15 | Create | Villager (Male) |
| 22:16 | Create | Villager (Male) |
| 22:16 | Create | Villager (Male) |
| 22:24 | Build | Farm |
| 22:28 | Build | Farm |
| 22:31 | Build | Lumber Camp |
Match timeline
| 11:04 | OdinRunner54 · age_up feudal |
| 11:43 | 流弊老师 · age_up feudal |
| 13:28 | 流弊老师 · first_market_sell 100 wood |
| 15:21 | OdinRunner54 · age_up castle |
| 16:39 | 流弊老师 · age_up castle |
| 18:48 | 流弊老师 · first_building Castle |
| 18:58 | OdinRunner54 · first_building Monastery |
| 19:40 | OdinRunner54 · first_building Barracks |
| 23:09 | OdinRunner54 · first_building Castle |
| 23:59 | 流弊老师 · first_building Monastery |
| 25:54 | OdinRunner54 · first_building Archery Range |
| 26:06 | OdinRunner54 · first_building Siege Workshop |
| 30:08 | 流弊老师 · first_building Barracks |
| 30:32 | 流弊老师 · first_building Siege Workshop |
| 30:40 | 流弊老师 · first_building Donjon |
| 32:33 | 流弊老师 · age_up imperial |
| 34:27 | 流弊老师 · first_building Archery Range |
| 36:30 | OdinRunner54 · age_up imperial |
| 42:35 | OdinRunner54 · first_building Stable |
| 44:32 | OdinRunner54 · first_market_sell 100 wood |
| 56:16 | OdinRunner54 · resign |
[ AI ANALYSIS · 1 CREDIT ]
What really happened in this match?
Wolo.gg analyzes every decision: build order, eco, micro, common mistakes by bracket. Personalized analysis on WhatsApp or Discord in 30 seconds.
Civ guide
Byzantines
Map guide
Arena
Perfil
OdinRunner54